Atomiques vs Senators
Created - March 19, 2021 at 19:04
Goals
|
| Atomiques |
1 |
1 |
3 |
0 |
5 |
| Senators |
3 |
1 |
1 |
1 |
6 |
|
Shots
|
| Atomiques |
4 |
11 |
14 |
1 |
30 |
| Senators |
14 |
9 |
6 |
2 |
31 |
|
1st period
1. Senators , Jordan Schroeder 23 (Zemgus Girgensons 14, Zachary Sanford 19) at 2:18
2. Senators , Nathan Gerbe 23 (Nick Foligno 38) at 14:33 (PP)
3. Senators , Jonathan Ferland 39 (Nathan Gerbe 49) at 16:17 (PP)
4. Atomiques , Kevin Fiala 13 (Brendan Lemieux 17, Dylan Strome 19) at 16:34
Penalties :
Jeremy Lauzon (STB) for Tripping (Minor) at 14:30, Cody Goloubef (STB) for Hooking (Minor) at 16:14
2nd period
5. Senators , Nick Foligno 32 (Scott Harrington 16, Jonathan Ferland 53) at 13:26 (PP)
6. Atomiques , William Nylander 21 (Brock Boeser 8) at 16:41
Penalties :
Nicolas Aube-Kubel (STB) for High sticking (Double Minor) at 1:59, Cody Goloubef (STB) for Hooking (Minor) at 8:29, Kevin Fiala (STB) for Slashing (Minor) at 13:09, Scott Harrington (BIN) for Tripping (Minor) at 13:51, William Nylander (STB) for Roughing (Minor) at 18:49, Zemgus Girgensons (BIN) for Tripping (Minor) at 18:57
3rd period
7. Atomiques , Oscar Sundqvist 29 (Matt Tennyson 17, Jeremy Lauzon 26) at 0:14
8. Atomiques , Brock Boeser 10 (William Nylander 22, Cody Goloubef 42) at 1:42
9. Senators , Jordan Schroeder 24 (Tomas Jurco 25, Scott Harrington 17) at 3:36 (PP)
10. Atomiques , Cody Goloubef 11 (Pontus Aberg 49) at 12:49
Penalties :
Jeremy Lauzon (STB) for Roughing (Minor) at 2:54, Cody Goloubef (STB) for Hooking (Minor) at 9:49
Overtime #1
11. Senators , Nathan Gerbe 24 (Keegan Lowe 32, Jonathan Ferland 54) at 1:23
Penalties :
No Penalty
Goalie Stats
Alex Nedeljkovic (STB), 25 saves from 31 shots - (0.806), OTL, 18-14-5, 61:23 minutes
Sami Aittokallio (BIN), 25 saves from 30 shots - (0.833), W, 5-7-2, 61:23 minutes
Players Stats for Atomiques
Player Name G A P +/- PIM S H SB GA TA FO MP PP MP PK MP
------------------------------------------------------------------------------------
Anthony Cirelli 0 0 0 2 0 1 0 0 0 1 4/9 17:56 0:00 2:33
Brendan Guhle 0 0 0 1 0 2 1 0 0 0 0/0 17:44 0:00 3:32
Brendan Lemieux 0 1 1 1 0 5 2 0 0 0 0/0 12:14 0:00 1:59
Brock Boeser 1 1 2 2 0 4 4 0 1 0 2/2 16:09 0:52 0:00
Brock McGinn 0 0 0 -1 0 0 3 0 1 0 1/3 19:08 0:52 4:49
Chase De Leo 0 0 0 0 0 0 0 0 0 0 0/3 6:27 0:00 0:00
Cody Goloubef 1 1 2 3 6 4 1 2 2 0 0/0 22:48 0:59 2:56
Dylan Strome 0 1 1 1 0 1 3 0 0 0 3/4 12:18 0:52 0:11
Jeremy Lauzon 0 1 1 1 4 2 1 0 1 0 0/0 22:23 1:08 3:32
Kevin Fiala 1 0 1 1 2 3 1 0 0 0 0/0 11:55 0:00 0:00
Kirill Kaprizov 0 0 0 0 0 0 0 0 0 0 0/0 9:25 0:00 1:14
Matt Tennyson 0 1 1 2 0 1 2 2 1 0 0/0 27:46 1:08 5:03
Nicolas Aube-Kubel 0 0 0 0 4 0 0 0 1 0 0/0 6:52 0:00 0:00
Noah Hanifin 0 0 0 0 0 1 0 0 0 1 0/0 15:27 0:59 0:43
Oscar Sundqvist 1 0 1 0 0 2 3 0 1 0 15/35 23:23 1:15 5:22
Pontus Aberg 0 1 1 0 0 0 2 1 0 1 2/2 20:09 1:15 1:54
Sean Walker 0 0 0 0 0 1 0 3 0 0 0/0 16:10 0:00 2:34
William Nylander 1 1 2 2 2 3 3 0 0 0 3/3 16:09 1:15 0:18
Players Stats for Senators
Player Name G A P +/- PIM S H SB GA TA FO MP PP MP PK MP
------------------------------------------------------------------------------------
A.J. Jenks 0 0 0 0 0 1 0 0 0 0 0/0 6:33 0:00 0:00
Adam Ollas-Mattsson 0 0 0 0 0 0 0 0 0 0 0/0 5:17 0:00 0:00
Anthony Richard 0 0 0 0 0 1 0 0 0 0 0/0 1:38 0:45 0:00
Brett Bulmer 0 0 0 0 0 0 0 0 0 0 0/0 0:00 0:00 0:00
Chandler Stephenson 0 0 0 -2 0 2 2 0 0 0 2/4 10:33 0:17 0:00
Dylan Blujus 0 0 0 -2 0 0 1 0 0 0 0/0 19:02 3:45 0:39
Eric Mestery 0 0 0 -2 0 2 0 1 0 1 0/0 19:02 3:45 0:39
Grant Besse 0 0 0 0 0 0 0 0 0 0 0/0 6:58 0:49 0:00
Jack Dougherty 0 0 0 1 0 0 0 0 0 2 0/0 10:42 0:00 1:18
Jake Evans 0 0 0 0 0 1 0 0 0 0 1/2 6:33 0:00 0:00
Joel Eriksson Ek 0 0 0 0 0 0 0 0 0 0 0/0 0:46 0:00 0:26
Jonathan Ferland 1 2 3 -1 0 2 1 0 2 0 3/6 25:09 4:33 1:14
Joonas Lyytinen 0 0 0 0 0 0 0 0 0 0 0/0 5:17 0:00 0:00
Jordan Schroeder 2 0 2 0 0 2 2 0 0 1 8/14 16:49 3:40 0:03
Keegan Lowe 0 1 1 -2 0 0 0 1 0 1 0/0 27:26 5:11 1:28
Kyle Connor 0 0 0 -2 0 0 0 1 0 1 0/0 11:41 0:55 0:00
Mason Geertsen 0 0 0 0 0 0 0 0 0 0 0/0 0:14 0:14 0:00
Nathan Gerbe 2 1 3 -1 0 6 2 4 0 2 15/32 25:01 4:31 1:14
Nick Foligno 1 1 2 -1 0 4 1 2 0 0 2/3 21:41 4:29 0:24
Philippe Myers 0 0 0 1 0 0 1 0 0 0 0/0 9:52 0:14 0:08
Scott Harrington 0 2 2 -2 2 2 3 2 1 0 0/0 25:59 5:11 0:02
Tomas Jurco 0 1 1 0 0 3 1 0 0 0 0/0 17:36 3:40 0:24
Warren Foegele 0 0 0 0 0 0 0 0 0 0 0/0 0:00 0:00 0:00
Zachary Sanford 0 1 1 -2 0 2 0 1 0 0 0/0 10:27 0:11 0:00
Zemgus Girgensons 0 1 1 0 2 3 1 0 0 0 0/0 17:16 3:39 0:29
3 Stars
1 - Nathan Gerbe (BIN)
2 - Brock Boeser (STB)
3 - Jordan Schroeder (BIN)
Power Play
Atomiques - 0 on 2 Attempt(s) - 0.00%
Senators - 4 on 9 Attempt(s) - 44.44%
Penalty Kill
Atomiques - 5 on 9 Attempt(s) - 55.56%
- Score 0 goal in Penalty Kill
Senators - 2 on 2 Attempt(s) - 100.00%
- Score 0 goal in Penalty Kill
Team Stat
Atomiques - Hits : 26 - Faceoff Wins : 30 - Blocked Shots : 8 - Penalty Minutes : 18
Senators - Hits : 15 - Faceoff Wins : 31 - Blocked Shots : 12 - Penalty Minutes : 4
Official
Referees : Unknown
Linesman : Unknown
Game Notes
No Game Note
Finance
Level 1 -- Attendance: 1875 (93.75%) -- Ticket Income $61,875
Level 2 -- Attendance: 942 (94.20%) -- Ticket Income $14,130
Total Attendance: 2817 (93.90%)
Total Ticket Income: $76,005
Other Income: $3,800
Total Income: $79,805
Atomiques
5 vs 5 Forward
Center Left Wing Right Wing Time % Phy DF OF
1 Oscar Sundqvist Brock McGinn Pontus Aberg 30 1 2 2
2 Anthony Cirelli William Nylander Brock Boeser 30 1 2 2
3 Dylan Strome Brendan Lemieux Kevin Fiala 25 1 2 2
4 Chase De Leo Kirill Kaprizov Nicolas Aube-Kubel 15 1 2 2
5 vs 5 Defense
Defense Defense Time % Phy DF OF
1 Matt Tennyson Cody Goloubef 40 1 2 2
2 Brendan Guhle Jeremy Lauzon 30 1 2 2
3 Noah Hanifin Sean Walker 20 1 2 2
4 Matt Tennyson Cody Goloubef 10 1 2 2
PowerPlay Forward
Center Left Wing Right Wing Time % Phy DF OF
1 Oscar Sundqvist William Nylander Pontus Aberg 60 1 2 2
2 Dylan Strome Brock McGinn Brock Boeser 40 1 2 2
PowerPlay Defense
Defense Defense Time % Phy DF OF
1 Matt Tennyson Jeremy Lauzon 60 1 2 2
2 Noah Hanifin Cody Goloubef 40 1 2 2
Penalty Kill 4 Players Forward
Center Wing Time % Phy DF OF
1 Oscar Sundqvist Brock McGinn 60 1 2 2
2 Anthony Cirelli Brendan Lemieux 40 1 2 2
Penalty Kill 4 Players Defense
Defense Defense Time % Phy DF OF
1 Matt Tennyson Cody Goloubef 60 1 2 2
2 Brendan Guhle Jeremy Lauzon 40 1 2 2
Penalty Kill - 3 Players Forward
Forward Time % Phy DF OF
1 Oscar Sundqvist 60 1 2 2
2 Anthony Cirelli 40 1 2 2
Penalty Kill - 3 Players Defense
Defense Defense Time % Phy DF OF
1 Matt Tennyson Cody Goloubef 60 1 2 2
2 Brendan Guhle Jeremy Lauzon 40 1 2 2
4 vs 4 Forward
Center Wing Time % Phy DF OF
1 Oscar Sundqvist Pontus Aberg 60 1 2 2
2 Anthony Cirelli Brock McGinn 40 1 2 2
4 vs 4 Defense
Defense Defense Time % Phy DF OF
1 Matt Tennyson Jeremy Lauzon 60 1 2 2
2 Noah Hanifin Cody Goloubef 40 1 2 2
Last Minutes Offensive
Center Left Wing Right Wing Defense Defense
Oscar Sundqvist Brock McGinn Pontus Aberg Noah Hanifin Jeremy Lauzon
Last Minutes Defensive
Center Left Wing Right Wing Defense Defense
Anthony Cirelli Brock McGinn Kevin Fiala Brendan Guhle Cody Goloubef
Goaltenders
Starting : Alex Nedeljkovic
Backup : Kaapo Kahkonen
Extra Forwards
Normal : William Nylander, Kevin Fiala, Kirill Kaprizov - PP : Nicolas Aube-Kubel, Kevin Fiala - PK : Pontus Aberg
Extra Defensemen
Normal : Brendan Guhle, Noah Hanifin, Matt Tennyson - PP : Brendan Guhle - PK : Sean Walker, Jeremy Lauzon
Penalty Shots
Pontus Aberg, William Nylander, Brock Boeser, Kirill Kaprizov, Brendan Lemieux
Scratches
Michael Downing (Healthy), Max McCormick (Healthy), Jacob Larsson (Healthy), Charles-Olivier Roussel (Healthy), Kyle Capobianco (Healthy)
Dalton Smith (Healthy), Axel Holmstrom (Healthy), Keegan Iverson (Healthy)
Senators
5 vs 5 Forward
Center Left Wing Right Wing Time % Phy DF OF
1 Nathan Gerbe Nick Foligno Jonathan Ferland 40 1 2 2
2 Jordan Schroeder Zemgus Girgensons Tomas Jurco 30 1 2 2
3 Chandler Stephenson Zachary Sanford Kyle Connor 20 1 2 2
4 Jake Evans A.J. Jenks Grant Besse 10 1 2 2
5 vs 5 Defense
Defense Defense Time % Phy DF OF
1 Keegan Lowe Scott Harrington 40 1 2 2
2 Dylan Blujus Eric Mestery 30 1 2 2
3 Jack Dougherty Philippe Myers 20 1 2 2
4 Joonas Lyytinen Adam Ollas-Mattsson 10 1 2 2
PowerPlay Forward
Center Left Wing Right Wing Time % Phy DF OF
1 Nathan Gerbe Nick Foligno Jonathan Ferland 60 1 2 2
2 Jordan Schroeder Zemgus Girgensons Tomas Jurco 40 1 2 2
PowerPlay Defense
Defense Defense Time % Phy DF OF
1 Keegan Lowe Scott Harrington 60 1 2 2
2 Dylan Blujus Eric Mestery 40 1 2 2
Penalty Kill 4 Players Forward
Center Wing Time % Phy DF OF
1 Jonathan Ferland Nathan Gerbe 60 1 2 2
2 Tomas Jurco Nick Foligno 40 1 2 2
Penalty Kill 4 Players Defense
Defense Defense Time % Phy DF OF
1 Keegan Lowe Scott Harrington 60 1 2 2
2 Dylan Blujus Eric Mestery 40 1 2 2
Penalty Kill - 3 Players Forward
Forward Time % Phy DF OF
1 Jonathan Ferland 60 1 2 2
2 Nathan Gerbe 40 1 2 2
Penalty Kill - 3 Players Defense
Defense Defense Time % Phy DF OF
1 Keegan Lowe Scott Harrington 60 1 2 2
2 Dylan Blujus Eric Mestery 40 1 2 2
4 vs 4 Forward
Center Wing Time % Phy DF OF
1 Jonathan Ferland Nathan Gerbe 60 1 2 2
2 Tomas Jurco Nick Foligno 40 1 2 2
4 vs 4 Defense
Defense Defense Time % Phy DF OF
1 Keegan Lowe Scott Harrington 60 1 2 2
2 Dylan Blujus Eric Mestery 40 1 2 2
Last Minutes Offensive
Center Left Wing Right Wing Defense Defense
Nathan Gerbe Nick Foligno Jonathan Ferland Keegan Lowe Scott Harrington
Last Minutes Defensive
Center Left Wing Right Wing Defense Defense
Nathan Gerbe Nick Foligno Jonathan Ferland Keegan Lowe Scott Harrington
Goaltenders
Starting : Sami Aittokallio
Backup : Justin Peters
Extra Forwards
Normal : Kyle Connor, Anthony Richard, Joel Eriksson Ek - PP : Kyle Connor, Anthony Richard - PK : Joel Eriksson Ek
Extra Defensemen
Normal : Mason Geertsen, Jack Dougherty, Philippe Myers - PP : Mason Geertsen - PK : Jack Dougherty, Philippe Myers
Penalty Shots
Jonathan Ferland, Nathan Gerbe, Tomas Jurco, Nick Foligno, Zemgus Girgensons
Scratches
Kevin Rooney (Healthy), Zach Nastasiuk (Healthy), Jonas Siegenthaler (Healthy), Blake Coleman (Healthy), Branden Troock (Healthy)
Gustav Forsling (Healthy), Maxim Letunov (Healthy), Pontus Sjalin (Healthy), Keven Bouchard (Healthy)
% Time on Ice - Atomiques
Lines # - Real PCT - Wanted PCT - Time Play
Normal Forward
1 - 29% - 30% - 13:42
2 - 35% - 30% - 16:28
3 - 22% - 25% - 10:15
4 - 14% - 15% - 6:27
Normal Defense
1 - 37% - 40% - 17:28
2 - 30% - 30% - 14:14
3 - 29% - 20% - 13:28
4 - 4% - 10% - 1:42
PP Forward
1 - 59% - 60% - 1:15
2 - 41% - 40% - 0:52
PP Defense
1 - 54% - 60% - 1:08
2 - 46% - 40% - 0:59
PK Forward
1 - 78% - 60% - 7:11
2 - 22% - 40% - 1:59
PK Defense
1 - 61% - 60% - 5:38
2 - 39% - 40% - 3:32
PK3 Forward
1 - 0% - 60%
2 - 0% - 40%
PK3 Defense
1 - 0% - 60%
2 - 0% - 40%
44 Forward
1 - 89% - 60% - 2:52
2 - 11% - 40% - 0:22
44 Defense
1 - 99% - 60% - 3:12
2 - 1% - 40% - 0:02
Last Minute Offensive - 0:00
Last Minute Defensive - 0:00
Total
Forward - 61:23
Defense - 61:23
|
% Time on Ice - Senators
Lines # - Real PCT - Wanted PCT - Time Play
Normal Forward
1 - 36% - 40% - 16:41
2 - 29% - 30% - 13:28
3 - 22% - 20% - 10:10
4 - 14% - 10% - 6:33
Normal Defense
1 - 38% - 40% - 18:01
2 - 30% - 30% - 14:10
3 - 20% - 20% - 9:24
4 - 11% - 10% - 5:17
PP Forward
1 - 60% - 60% - 5:30
2 - 40% - 40% - 3:40
PP Defense
1 - 59% - 60% - 5:25
2 - 41% - 40% - 3:45
PK Forward
1 - 81% - 60% - 1:43
2 - 19% - 40% - 0:24
PK Defense
1 - 69% - 60% - 1:28
2 - 31% - 40% - 0:39
PK3 Forward
1 - 0% - 60%
2 - 0% - 40%
PK3 Defense
1 - 0% - 60%
2 - 0% - 40%
44 Forward
1 - 90% - 60% - 2:54
2 - 10% - 40% - 0:20
44 Defense
1 - 86% - 60% - 2:46
2 - 14% - 40% - 0:28
Last Minute Offensive - 0:00
Last Minute Defensive - 0:00
Total
Forward - 61:23
Defense - 61:23
|
Play-by-Play
1st period
0:01 of 1st period - Oscar Sundqvist wins face-off versus Jonathan Ferland in neutral zone.
0:06 of 1st period - Snap shot by Pontus Aberg.
0:06 of 1st period - Shot Blocked by Nick Foligno.
0:26 of 1st period - Zemgus Girgensons is hit by Cody Goloubef and loses puck.
0:31 of 1st period - Wrist shot by William Nylander.
0:31 of 1st period - Shot Blocked by Scott Harrington.
0:33 of 1st period - Snap shot by Brendan Guhle.
0:33 of 1st period - Stopped by Sami Aittokallio with a rebound.
0:39 of 1st period - Snap shot by Brock Boeser.
0:39 of 1st period - Shot Misses the Net.
1:16 of 1st period - Brendan Guhle is hit by Dylan Blujus and loses puck.
1:53 of 1st period - Chandler Stephenson is hit by William Nylander.
2:01 of 1st period - Jeremy Lauzon is hit by Chandler Stephenson and loses puck.
2:08 of 1st period - Zachary Sanford is hit by Brock Boeser.
2:18 of 1st period - Snap shot by Jordan Schroeder.
2:18 of 1st period - Goal by Jordan Schroeder - Atomiques : 0 - Senators : 1.
2:19 of 1st period - Nathan Gerbe wins face-off versus Oscar Sundqvist in neutral zone.
2:44 of 1st period - Cody Goloubef is hit by Zemgus Girgensons and loses puck.
2:49 of 1st period - Wrist shot by Zemgus Girgensons.
2:49 of 1st period - Stopped by Alex Nedeljkovic without a rebound.
2:50 of 1st period - Jordan Schroeder wins face-off versus Chase De Leo in Atomiques zone.
2:57 of 1st period - Wrist shot by Zemgus Girgensons.
2:57 of 1st period - Stopped by Alex Nedeljkovic without a rebound.
2:58 of 1st period - Nathan Gerbe wins face-off versus Chase De Leo in Atomiques zone.
3:23 of 1st period - Scott Harrington is hit by Brock McGinn.
3:29 of 1st period - Wrist shot by Oscar Sundqvist.
3:29 of 1st period - Shot Misses the Net.
3:31 of 1st period - Wrist shot by Oscar Sundqvist.
3:31 of 1st period - Shot Misses the Net.
3:53 of 1st period - Snap shot by Grant Besse.
3:53 of 1st period - Shot Misses the Net.
3:55 of 1st period - Slapshot by Eric Mestery.
3:55 of 1st period - Stopped by Alex Nedeljkovic with a rebound.
3:57 of 1st period - Slapshot by Eric Mestery.
3:57 of 1st period - Shot Blocked by Sean Walker.
4:07 of 1st period - Dylan Blujus is hit by Brock Boeser and loses puck.
5:51 of 1st period - Scott Harrington is hit by Matt Tennyson and loses puck.
6:50 of 1st period - Dylan Blujus is hit by William Nylander and loses puck.
7:37 of 1st period - Jonathan Ferland is hit by Oscar Sundqvist and loses puck.
9:17 of 1st period - Joonas Lyytinen is hit by Brendan Lemieux and loses puck.
9:30 of 1st period - Oscar Sundqvist is hit by Nick Foligno and loses puck.
9:39 of 1st period - Snap shot by Nathan Gerbe.
9:39 of 1st period - Stopped by Alex Nedeljkovic with a rebound.
11:01 of 1st period - Icing by Jack Dougherty.
11:02 of 1st period - Jake Evans wins face-off versus Anthony Cirelli in Senators zone.
11:02 of 1st period - Jake Evans is hit by William Nylander.
12:20 of 1st period - Slapshot by Nathan Gerbe.
12:20 of 1st period - Stopped by Alex Nedeljkovic with a rebound.
13:22 of 1st period - Wrist shot by Kevin Fiala.
13:22 of 1st period - Deflect By Brendan Lemieux.
13:22 of 1st period - Stopped by Sami Aittokallio without a rebound.
13:23 of 1st period - Chandler Stephenson wins face-off versus Dylan Strome in Senators zone.
13:48 of 1st period - Snap shot by Zachary Sanford.
13:48 of 1st period - Stopped by Alex Nedeljkovic without a rebound.
13:49 of 1st period - Brock Boeser wins face-off versus Nathan Gerbe in Atomiques zone.
14:20 of 1st period - Icing by Tomas Jurco.
14:21 of 1st period - Jordan Schroeder wins face-off versus Oscar Sundqvist in Senators zone.
14:21 of 1st period - Jordan Schroeder is hit by Oscar Sundqvist.
14:30 of 1st period - Minor Penalty to Jeremy Lauzon for Tripping.
14:31 of 1st period - Nathan Gerbe wins face-off versus Oscar Sundqvist in Atomiques zone.
14:33 of 1st period - Backhand shot by Nathan Gerbe.
14:33 of 1st period - Goal by Nathan Gerbe - Atomiques : 0 - Senators : 2.
14:34 of 1st period - Anthony Cirelli wins face-off versus Nathan Gerbe in neutral zone.
15:29 of 1st period - Off-side.
15:30 of 1st period - Nick Foligno wins face-off versus Anthony Cirelli in neutral zone.
15:44 of 1st period - Wrist shot by Jonathan Ferland.
15:44 of 1st period - Shot Misses the Net.
16:02 of 1st period - Wrist shot by Pontus Aberg.
16:02 of 1st period - Deflect By Brock McGinn.
16:02 of 1st period - Shot Blocked by Eric Mestery.
16:02 of 1st period - Puck is out of play.
16:03 of 1st period - Nathan Gerbe wins face-off versus Brock McGinn in Senators zone.
16:03 of 1st period - Nathan Gerbe is hit by Matt Tennyson.
16:11 of 1st period - Slapshot by Nick Foligno.
16:11 of 1st period - Stopped by Alex Nedeljkovic without a rebound.
16:12 of 1st period - Oscar Sundqvist wins face-off versus Nathan Gerbe in Atomiques zone.
16:14 of 1st period - Minor Penalty to Cody Goloubef for Hooking.
16:15 of 1st period - Nathan Gerbe wins face-off versus Oscar Sundqvist in Atomiques zone.
16:15 of 1st period - Snap shot by Jonathan Ferland.
16:15 of 1st period - Shot Blocked by Matt Tennyson.
16:17 of 1st period - Snap shot by Jonathan Ferland.
16:17 of 1st period - Goal by Jonathan Ferland - Atomiques : 0 - Senators : 3.
16:18 of 1st period - William Nylander wins face-off versus Nathan Gerbe in neutral zone.
16:30 of 1st period - Off-side.
16:31 of 1st period - Dylan Strome wins face-off versus Nathan Gerbe in neutral zone.
16:34 of 1st period - Snap shot by Kevin Fiala.
16:34 of 1st period - Goal by Kevin Fiala - Atomiques : 1 - Senators : 3.
16:35 of 1st period - Nathan Gerbe wins face-off versus Anthony Cirelli in neutral zone.
17:05 of 1st period - Slapshot by Jordan Schroeder.
17:05 of 1st period - Shot Blocked by Cody Goloubef.
17:07 of 1st period - Wrist shot by Zemgus Girgensons.
17:07 of 1st period - Shot Misses the Net.
18:04 of 1st period - Nathan Gerbe is hit by Brock Boeser and loses puck.
18:55 of 1st period - Wrist shot by Chandler Stephenson.
18:55 of 1st period - Stopped by Alex Nedeljkovic without a rebound.
18:56 of 1st period - William Nylander wins face-off versus Nathan Gerbe in Atomiques zone.
18:56 of 1st period - William Nylander is hit by Scott Harrington.
19:08 of 1st period - Wrist shot by William Nylander.
19:08 of 1st period - Shot Blocked by Nathan Gerbe.
19:10 of 1st period - Slapshot by Sean Walker.
19:10 of 1st period - Shot Misses the Net.
19:12 of 1st period - Backhand shot by William Nylander.
19:12 of 1st period - Stopped by Sami Aittokallio with a rebound.
19:33 of 1st period - Slapshot by Nick Foligno.
19:33 of 1st period - Stopped by Alex Nedeljkovic without a rebound.
19:34 of 1st period - Jordan Schroeder wins face-off versus Oscar Sundqvist in Atomiques zone.
19:39 of 1st period - Snap shot by Tomas Jurco.
19:39 of 1st period - Stopped by Alex Nedeljkovic with a rebound.
19:41 of 1st period - Slapshot by Zemgus Girgensons.
19:41 of 1st period - Stopped by Alex Nedeljkovic without a rebound.
19:42 of 1st period - Brock McGinn wins face-off versus Jordan Schroeder in Atomiques zone.
Goals for this period are 1 for Atomiques vs 3 for Senators.
Shots for this period are 4 for Atomiques vs 14 for Senators.
2nd period
0:01 of 2nd period - Nathan Gerbe wins face-off versus Anthony Cirelli in neutral zone.
0:54 of 2nd period - Wrist shot by Kevin Fiala.
0:54 of 2nd period - Shot Misses the Net.
0:56 of 2nd period - Wrist shot by Brendan Lemieux.
0:56 of 2nd period - Stopped by Sami Aittokallio without a rebound.
0:57 of 2nd period - Nathan Gerbe wins face-off versus Oscar Sundqvist in Senators zone.
1:22 of 2nd period - Philippe Myers is hit by Brock Boeser and loses puck.
1:45 of 2nd period - Wrist shot by Chase De Leo.
1:45 of 2nd period - Shot Misses the Net.
1:53 of 2nd period - Slapshot by Dylan Blujus.
1:53 of 2nd period - Deflect By Jake Evans.
1:53 of 2nd period - Stopped by Alex Nedeljkovic with a rebound.
1:59 of 2nd period - Double Minor Penalty to Nicolas Aube-Kubel for High sticking.
2:00 of 2nd period - Oscar Sundqvist wins face-off versus Nathan Gerbe in Atomiques zone.
4:02 of 2nd period - Zemgus Girgensons is hit by Brendan Guhle and loses puck.
4:13 of 2nd period - Jeremy Lauzon is hit by Scott Harrington and loses puck.
5:59 of 2nd period - Penalty to Nicolas Aube-Kubel is over, Nicolas Aube-Kubel is back on ice.
6:11 of 2nd period - Scott Harrington is hit by Dylan Strome and loses puck.
6:41 of 2nd period - Slapshot by Brock Boeser.
6:41 of 2nd period - Stopped by Sami Aittokallio without a rebound.
6:42 of 2nd period - William Nylander wins face-off versus Jake Evans in Senators zone.
7:07 of 2nd period - Jack Dougherty is hit by Dylan Strome and loses puck.
7:12 of 2nd period - Slapshot by Matt Tennyson.
7:12 of 2nd period - Shot Misses the Net.
7:14 of 2nd period - Snap shot by Dylan Strome.
7:14 of 2nd period - Stopped by Sami Aittokallio without a rebound.
7:15 of 2nd period - Nathan Gerbe wins face-off versus Oscar Sundqvist in Senators zone.
7:26 of 2nd period - Slapshot by Nathan Gerbe.
7:26 of 2nd period - Stopped by Alex Nedeljkovic without a rebound.
7:27 of 2nd period - Nathan Gerbe wins face-off versus Oscar Sundqvist in Atomiques zone.
7:52 of 2nd period - Wrist shot by Brendan Lemieux.
7:52 of 2nd period - Shot Misses the Net.
8:22 of 2nd period - Snap shot by Jonathan Ferland.
8:22 of 2nd period - Stopped by Alex Nedeljkovic without a rebound.
8:23 of 2nd period - Jordan Schroeder wins face-off versus Brock McGinn in Atomiques zone.
8:26 of 2nd period - Snap shot by Jordan Schroeder.
8:26 of 2nd period - Deflect By Zemgus Girgensons.
8:26 of 2nd period - Shot Blocked by Cody Goloubef.
8:26 of 2nd period - Puck is out of play.
8:27 of 2nd period - Oscar Sundqvist wins face-off versus Jordan Schroeder in Atomiques zone.
8:29 of 2nd period - Minor Penalty to Cody Goloubef for Hooking.
8:30 of 2nd period - Oscar Sundqvist wins face-off versus Nathan Gerbe in Atomiques zone.
9:04 of 2nd period - Slapshot by Scott Harrington.
9:04 of 2nd period - Deflect By Brendan Lemieux.
9:04 of 2nd period - Stopped by Alex Nedeljkovic without a rebound.
9:05 of 2nd period - Anthony Cirelli wins face-off versus Jordan Schroeder in Atomiques zone.
9:35 of 2nd period - Slapshot by Eric Mestery.
9:35 of 2nd period - Shot Blocked by Sean Walker.
9:37 of 2nd period - Snap shot by Nick Foligno.
9:37 of 2nd period - Stopped by Alex Nedeljkovic without a rebound.
9:38 of 2nd period - Oscar Sundqvist wins face-off versus Nathan Gerbe in Atomiques zone.
10:29 of 2nd period - Penalty to Cody Goloubef is over, Cody Goloubef is back on ice.
10:42 of 2nd period - Slapshot by Brock Boeser.
10:42 of 2nd period - Shot Blocked by Zachary Sanford.
10:44 of 2nd period - Snap shot by William Nylander.
10:44 of 2nd period - Stopped by Sami Aittokallio without a rebound.
10:45 of 2nd period - Anthony Cirelli wins face-off versus Chandler Stephenson in Senators zone.
11:34 of 2nd period - Slapshot by Brendan Guhle.
11:34 of 2nd period - Shot Blocked by Nathan Gerbe.
11:36 of 2nd period - Slapshot by Brendan Guhle.
11:36 of 2nd period - Stopped by Sami Aittokallio with a rebound.
11:38 of 2nd period - Snap shot by Chase De Leo.
11:38 of 2nd period - Shot Blocked by Nathan Gerbe.
11:50 of 2nd period - Jack Dougherty is hit by Pontus Aberg and loses puck.
12:09 of 2nd period - Snap shot by Brock Boeser.
12:09 of 2nd period - Shot Blocked by Keegan Lowe.
12:11 of 2nd period - Snap shot by Brock Boeser.
12:11 of 2nd period - Shot Misses the Net.
12:13 of 2nd period - Snap shot by Anthony Cirelli.
12:13 of 2nd period - Shot Misses the Net.
12:15 of 2nd period - Slapshot by Anthony Cirelli.
12:15 of 2nd period - Stopped by Sami Aittokallio without a rebound.
12:16 of 2nd period - Nathan Gerbe wins face-off versus Oscar Sundqvist in Senators zone.
12:23 of 2nd period - Cody Goloubef is hit by Nathan Gerbe and loses puck.
12:44 of 2nd period - Backhand shot by Brock Boeser.
12:44 of 2nd period - Stopped by Sami Aittokallio with a rebound.
13:09 of 2nd period - Minor Penalty to Kevin Fiala for Slashing.
13:10 of 2nd period - Nathan Gerbe wins face-off versus Oscar Sundqvist in Atomiques zone.
13:22 of 2nd period - Snap shot by Jonathan Ferland.
13:22 of 2nd period - Shot Misses the Net.
13:24 of 2nd period - Slapshot by Scott Harrington.
13:24 of 2nd period - Stopped by Alex Nedeljkovic with a rebound.
13:26 of 2nd period - Slapshot by Nick Foligno.
13:26 of 2nd period - Goal by Nick Foligno - Atomiques : 1 - Senators : 4.
13:27 of 2nd period - Nathan Gerbe wins face-off versus Oscar Sundqvist in neutral zone.
13:51 of 2nd period - Minor Penalty to Scott Harrington for Tripping.
13:52 of 2nd period - Jonathan Ferland wins face-off versus Oscar Sundqvist in Senators zone.
14:08 of 2nd period - Snap shot by Pontus Aberg.
14:08 of 2nd period - Shot Misses the Net.
14:24 of 2nd period - Slapshot by Matt Tennyson.
14:24 of 2nd period - Stopped by Sami Aittokallio without a rebound.
14:25 of 2nd period - Oscar Sundqvist wins face-off versus Nathan Gerbe in Senators zone.
15:00 of 2nd period - Slapshot by Jeremy Lauzon.
15:00 of 2nd period - Stopped by Sami Aittokallio with a rebound.
15:51 of 2nd period - Penalty to Scott Harrington is over, Scott Harrington is back on ice.
16:08 of 2nd period - Snap shot by Chandler Stephenson.
16:08 of 2nd period - Deflect By Zachary Sanford.
16:08 of 2nd period - Stopped by Alex Nedeljkovic without a rebound.
16:09 of 2nd period - Jordan Schroeder wins face-off versus Chase De Leo in Atomiques zone.
16:16 of 2nd period - Snap shot by Tomas Jurco.
16:16 of 2nd period - Shot Misses the Net.
16:37 of 2nd period - Snap shot by Brock Boeser.
16:37 of 2nd period - Stopped by Sami Aittokallio with a rebound.
16:39 of 2nd period - Snap shot by Brock Boeser.
16:39 of 2nd period - Shot Blocked by Kyle Connor.
16:41 of 2nd period - Wrist shot by William Nylander.
16:41 of 2nd period - Goal by William Nylander - Atomiques : 2 - Senators : 4.
16:42 of 2nd period - Pontus Aberg wins face-off versus Nathan Gerbe in neutral zone.
18:49 of 2nd period - Minor Penalty to William Nylander for Roughing.
18:50 of 2nd period - Jordan Schroeder wins face-off versus Oscar Sundqvist in Atomiques zone.
18:50 of 2nd period - Slapshot by Tomas Jurco.
18:50 of 2nd period - Stopped by Alex Nedeljkovic without a rebound.
18:51 of 2nd period - Oscar Sundqvist wins face-off versus Jordan Schroeder in Atomiques zone.
18:51 of 2nd period - Oscar Sundqvist is hit by Tomas Jurco.
18:57 of 2nd period - Minor Penalty to Zemgus Girgensons for Tripping.
18:58 of 2nd period - Jonathan Ferland wins face-off versus Oscar Sundqvist in Senators zone.
19:03 of 2nd period - Oscar Sundqvist is hit by Nathan Gerbe and loses puck.
19:42 of 2nd period - Eric Mestery is hit by Brock McGinn and loses puck.
Goals for this period are 1 for Atomiques vs 1 for Senators.
Shots for this period are 11 for Atomiques vs 9 for Senators.
3rd period
0:01 of 3rd period - Jonathan Ferland wins face-off versus Oscar Sundqvist in neutral zone.
0:12 of 3rd period - Slapshot by Matt Tennyson.
0:12 of 3rd period - Shot Misses the Net.
0:14 of 3rd period - Slapshot by Oscar Sundqvist.
0:14 of 3rd period - Goal by Oscar Sundqvist - Atomiques : 3 - Senators : 4.
0:15 of 3rd period - Oscar Sundqvist wins face-off versus Jonathan Ferland in neutral zone.
0:24 of 3rd period - Snap shot by Oscar Sundqvist.
0:24 of 3rd period - Shot Misses the Net.
0:42 of 3rd period - Jonathan Ferland is hit by Pontus Aberg and loses puck.
0:49 of 3rd period - Penalty to William Nylander is over, William Nylander is back on ice.
0:57 of 3rd period - Penalty to Zemgus Girgensons is over, Zemgus Girgensons is back on ice.
1:02 of 3rd period - Off-side.
1:03 of 3rd period - Dylan Strome wins face-off versus Jordan Schroeder in neutral zone.
1:06 of 3rd period - Jordan Schroeder is hit by Dylan Strome.
1:42 of 3rd period - Backhand shot by Brock Boeser.
1:42 of 3rd period - Goal by Brock Boeser - Atomiques : 4 - Senators : 4.
1:43 of 3rd period - Oscar Sundqvist wins face-off versus Nathan Gerbe in neutral zone.
1:46 of 3rd period - Nathan Gerbe is hit by Brock McGinn and loses puck.
2:54 of 3rd period - Minor Penalty to Jeremy Lauzon for Roughing.
2:55 of 3rd period - Oscar Sundqvist wins face-off versus Nathan Gerbe in Atomiques zone.
3:06 of 3rd period - Snap shot by Jonathan Ferland.
3:06 of 3rd period - Deflect By Nick Foligno.
3:06 of 3rd period - Shot Hit the Post.
3:06 of 3rd period - Puck is out of play.
3:07 of 3rd period - Oscar Sundqvist wins face-off versus Nathan Gerbe in Atomiques zone.
3:36 of 3rd period - Snap shot by Jordan Schroeder.
3:36 of 3rd period - Goal by Jordan Schroeder - Atomiques : 4 - Senators : 5.
3:37 of 3rd period - Oscar Sundqvist wins face-off versus Nick Foligno in neutral zone.
3:40 of 3rd period - Snap shot by Cody Goloubef.
3:40 of 3rd period - Stopped by Sami Aittokallio without a rebound.
3:41 of 3rd period - Nathan Gerbe wins face-off versus Oscar Sundqvist in Senators zone.
4:10 of 3rd period - Icing by Anthony Cirelli.
4:11 of 3rd period - Anthony Cirelli wins face-off versus Jordan Schroeder in Atomiques zone.
4:18 of 3rd period - Slapshot by Cody Goloubef.
4:18 of 3rd period - Stopped by Sami Aittokallio with a rebound.
4:36 of 3rd period - Snap shot by Jonathan Ferland.
4:36 of 3rd period - Shot Misses the Net.
4:55 of 3rd period - Cody Goloubef is hit by Chandler Stephenson and loses puck.
5:04 of 3rd period - Wrist shot by Brendan Lemieux.
5:04 of 3rd period - Stopped by Sami Aittokallio without a rebound.
5:05 of 3rd period - Dylan Strome wins face-off versus Nathan Gerbe in Senators zone.
5:14 of 3rd period - Snap shot by Kevin Fiala.
5:14 of 3rd period - Shot Misses the Net.
5:27 of 3rd period - Icing by Jonathan Ferland.
5:28 of 3rd period - Oscar Sundqvist wins face-off versus Nathan Gerbe in Senators zone.
5:33 of 3rd period - Wrist shot by Brock McGinn.
5:33 of 3rd period - Shot Misses the Net.
5:35 of 3rd period - Wrist shot by Sean Walker.
5:35 of 3rd period - Stopped by Sami Aittokallio with a rebound.
5:37 of 3rd period - Slapshot by Sean Walker.
5:37 of 3rd period - Shot Misses the Net.
5:39 of 3rd period - Snap shot by Brock McGinn.
5:39 of 3rd period - Shot Blocked by Nathan Gerbe.
5:41 of 3rd period - Snap shot by Sean Walker.
5:41 of 3rd period - Shot Misses the Net.
5:43 of 3rd period - Wrist shot by Noah Hanifin.
5:43 of 3rd period - Stopped by Sami Aittokallio with a rebound.
5:53 of 3rd period - Sean Walker is hit by Jordan Schroeder.
6:19 of 3rd period - Snap shot by Kevin Fiala.
6:19 of 3rd period - Deflect By Brendan Lemieux.
6:19 of 3rd period - Stopped by Sami Aittokallio with a rebound.
6:21 of 3rd period - Slapshot by Kevin Fiala.
6:21 of 3rd period - Shot Blocked by Scott Harrington.
6:23 of 3rd period - Snap shot by Kevin Fiala.
6:23 of 3rd period - Stopped by Sami Aittokallio without a rebound.
6:24 of 3rd period - Jordan Schroeder wins face-off versus Oscar Sundqvist in Senators zone.
7:20 of 3rd period - Snap shot by Zachary Sanford.
7:20 of 3rd period - Shot Misses the Net.
7:48 of 3rd period - Snap shot by Kevin Fiala.
7:48 of 3rd period - Stopped by Sami Aittokallio with a rebound.
7:50 of 3rd period - Slapshot by Jeremy Lauzon.
7:50 of 3rd period - Stopped by Sami Aittokallio with a rebound.
7:52 of 3rd period - Wrist shot by Brendan Lemieux.
7:52 of 3rd period - Stopped by Sami Aittokallio with a rebound.
8:36 of 3rd period - Wrist shot by Anthony Cirelli.
8:36 of 3rd period - Shot Blocked by Nick Foligno.
8:54 of 3rd period - Snap shot by Chandler Stephenson.
8:54 of 3rd period - Shot Blocked by Sean Walker.
8:56 of 3rd period - Snap shot by Chandler Stephenson.
8:56 of 3rd period - Stopped by Alex Nedeljkovic without a rebound.
8:57 of 3rd period - Jordan Schroeder wins face-off versus Oscar Sundqvist in Atomiques zone.
9:04 of 3rd period - Slapshot by Tomas Jurco.
9:04 of 3rd period - Stopped by Alex Nedeljkovic with a rebound.
9:22 of 3rd period - Philippe Myers is hit by Brendan Lemieux and loses puck.
9:42 of 3rd period - Off-side.
9:43 of 3rd period - Brock Boeser wins face-off versus Chandler Stephenson in neutral zone.
9:49 of 3rd period - Minor Penalty to Cody Goloubef for Hooking.
9:50 of 3rd period - Nathan Gerbe wins face-off versus Oscar Sundqvist in Atomiques zone.
10:28 of 3rd period - Zemgus Girgensons is hit by Oscar Sundqvist and loses puck.
11:31 of 3rd period - Oscar Sundqvist is hit by Jordan Schroeder and loses puck.
11:38 of 3rd period - Tomas Jurco is hit by Jeremy Lauzon and loses puck.
11:49 of 3rd period - Penalty to Cody Goloubef is over, Cody Goloubef is back on ice.
12:03 of 3rd period - Snap shot by Cody Goloubef.
12:03 of 3rd period - Stopped by Sami Aittokallio with a rebound.
12:05 of 3rd period - Wrist shot by Pontus Aberg.
12:05 of 3rd period - Shot Misses the Net.
12:07 of 3rd period - Slapshot by Brendan Guhle.
12:07 of 3rd period - Shot Misses the Net.
12:09 of 3rd period - Slapshot by Jeremy Lauzon.
12:09 of 3rd period - Shot Hit the Post.
12:49 of 3rd period - Slapshot by Cody Goloubef.
12:49 of 3rd period - Goal by Cody Goloubef - Atomiques : 5 - Senators : 5.
12:50 of 3rd period - Nick Foligno wins face-off versus Anthony Cirelli in neutral zone.
13:22 of 3rd period - Wrist shot by Kevin Fiala.
13:22 of 3rd period - Shot Misses the Net.
15:28 of 3rd period - Scott Harrington is hit by Kevin Fiala and loses puck.
15:47 of 3rd period - Wrist shot by Jake Evans.
15:47 of 3rd period - Shot Misses the Net.
15:49 of 3rd period - Snap shot by Jake Evans.
15:49 of 3rd period - Shot Blocked by Pontus Aberg.
15:51 of 3rd period - Wrist shot by Eric Mestery.
15:51 of 3rd period - Stopped by Alex Nedeljkovic with a rebound.
16:50 of 3rd period - Pontus Aberg is hit by Scott Harrington and loses puck.
17:39 of 3rd period - Snap shot by A.J. Jenks.
17:39 of 3rd period - Stopped by Alex Nedeljkovic without a rebound.
17:40 of 3rd period - Chandler Stephenson wins face-off versus Oscar Sundqvist in Atomiques zone.
19:02 of 3rd period - Snap shot by Zachary Sanford.
19:02 of 3rd period - Shot Misses the Net.
19:21 of 3rd period - Brock McGinn is hit by Philippe Myers and loses puck.
19:50 of 3rd period - Slapshot by Anthony Richard.
19:50 of 3rd period - Stopped by Alex Nedeljkovic with a rebound.
Goals for this period are 3 for Atomiques vs 1 for Senators.
Shots for this period are 14 for Atomiques vs 6 for Senators.
Overtime #1
0:01 of 1st overtime period - Pontus Aberg wins face-off versus Nathan Gerbe in neutral zone.
0:05 of 1st overtime period - Off-side.
0:06 of 1st overtime period - Oscar Sundqvist wins face-off versus Jonathan Ferland in neutral zone.
0:14 of 1st overtime period - Pontus Aberg is hit by Jonathan Ferland and loses puck.
0:21 of 1st overtime period - Slapshot by Nathan Gerbe.
0:21 of 1st overtime period - Stopped by Alex Nedeljkovic with a rebound.
0:58 of 1st overtime period - Slapshot by Oscar Sundqvist.
0:58 of 1st overtime period - Stopped by Sami Aittokallio with a rebound.
1:21 of 1st overtime period - Wrist shot by Nathan Gerbe.
1:21 of 1st overtime period - Shot Blocked by Matt Tennyson.
1:23 of 1st overtime period - Snap shot by Keegan Lowe.
1:23 of 1st overtime period - Deflect By Nathan Gerbe.
1:23 of 1st overtime period - Goal by Nathan Gerbe - Atomiques : 5 - Senators : 6.
Goals for this period are 0 for Atomiques vs 1 for Senators.
Shots for this period are 1 for Atomiques vs 2 for Senators.
Output by the SimonT Hockey Simulator (STHS) for Francois Prevost